 Dungeon Crawl Stone Soup version 0.24-a0-507-g3e8b242632 (webtiles) character file.

Game seed: 2477238286115721181

33 Gynju the Conjurer (level 3, -1/26 HPs)
             Began as a Draconian Conjurer on July 19, 2019.
             Slain by a shadow imp (2 damage)
             ... summoned by Natasha
             ... on level 2 of the Dungeon.
             The game lasted 00:01:37 (1296 turns).

Gynju the Conjurer (Draconian Conjurer)             Turns: 1296, Time: 00:01:38

Health: -1/26      AC:  7    Str: 10    XL:     3   Next: 12%
Magic:  2/7        EV: 12    Int: 16    God:
Gold:   33         SH:  0    Dex: 11    Spells: 6/7 levels left

rFire    . . .     SeeInvis .   h - +0 whip
rCold    . . .     Gourm    .   (no shield)
rNeg     . . .     Faith    .   (armour unavailable)
rPois    .         Spirit   .   (helmet restricted)
rElec    .         Reflect  .   (no cloak)
rCorr    .         Harm     .   c - +1 pair of gloves
MR       .....                  (no boots)
Stlth    ++........             (no amulet)
HPRegen  0.08/turn              (no ring)
MPRegen  0.10/turn              (no ring)

@: no status effects
A: unfitting armour, cold-blooded, AC +5
a: no special abilities


You were on level 2 of the Dungeon.
You were not hungry.

You visited 1 branch of the dungeon, and saw 2 of its levels.

You collected 33 gold pieces.

Inventory:

Hand Weapons
 h - a +0 whip (weapon)
Armour
 c - a +1 pair of gloves (worn)
Scrolls
 i - 2 scrolls of remove curse {unknown}
 k - 2 scrolls of amnesia {unknown}
 m - a scroll of teleportation {unknown}
Potions
 a - 2 potions of curing {unknown}
 e - 2 potions of lignification {unknown}
 f - a potion of might {unknown}
 g - a potion of degeneration {unknown}
 j - a potion of haste {unknown}
 l - a potion of flight {unknown}
Comestibles
 b - 3 rations
 d - 2 chunks of flesh


   Skills:
 - Level 1.7 Dodging
 - Level 1.7 Stealth
 + Level 2.8 Spellcasting
 + Level 4.5 Conjurations


You had 6 spell levels left.
You knew the following spells:

 Your Spells              Type           Power        Failure   Level  Hunger
a - Magic Dart            Conj           ###.         3%          1    #......

Your spell library contained the following spells:

 Spells                   Type           Power        Failure   Level  Hunger
 Searing Ray              Conj           ###...       4%          2    ##.....
 Dazzling Spray           Conj/Hex       #.....       22%         3    ###....
 Iskenderun's Mystic Bla  Conj           ###.....     28%         4    #####..
 Force Lance              Conj/Tloc      #.......     58%         4    #####..
 Fulminant Prism          Conj/Hex       #.........   58%         4    #####..


Dungeon Overview and Level Annotations

Branches:
Dungeon (2/15)

Altars:

Annotations:
D:2 Natasha


Innate Abilities, Weirdness & Mutations

Your plain brown scales are hard. (AC +5)
You cannot fit into any form of body armour.
You are cold-blooded and may be slowed by cold attacks.


Message History

Natasha claws you but does no damage. The shadow imp closely misses you.
You hit Natasha.
Your tail-slap misses Natasha.
Natasha is almost dead.
The shadow imp misses you.
The crimson imp hits you but does no damage.
Natasha casts a spell at you. You resist with significant effort.
The shadow imp barely misses you.
You barely miss Natasha.
Natasha is almost dead.
The shadow imp gestures at you. Pain shoots through your body!
* * * LOW HITPOINT WARNING * * *
The crimson imp hits you.
* * * LOW HITPOINT WARNING * * *
Natasha mumbles some strange words.
Natasha shimmers violently.
Natasha claws you.
* * * LOW HITPOINT WARNING * * *
The shadow imp barely misses you. The shadow imp hits you.
You die...

...####.##
#.........
#.........
#...<.....
#.........
#.........
#..5......
#5@h......
#..5......
#.........
#........)
##########


You could see Natasha, a crimson imp and 2 shadow imps.

Vanquished Creatures
  An ooze (D:1)
  A dart slug (D:1)
  A giant cockroach (D:1)
  2 goblins (D:1)
  3 hobgoblins (D:1)
  2 jackals (D:1)
  2 kobolds (D:1)
  4 bats
  5 frilled lizards (D:1)
  7 rats (D:1)
28 creatures vanquished.

Notes
Turn   | Place    | Note
-------+----------+-------------------------------------------
     0 | D:1      | Gynju the Draconian Conjurer began the quest for the Orb.
     0 | D:1      | Reached XP level 1. HP: 14/14 MP: 3/3
   425 | D:1      | Reached XP level 2. HP: 20/20 MP: 0/5
   997 | D:1      | Reached XP level 3. HP: 26/26 MP: 5/7
  1274 | D:2      | Noticed Natasha
  1296 | D:2      | HP: 1/26 [Natasha (1)]
  1296 | D:2      | Slain by a shadow imp

Levels and vault maps discovered:
D:1:      wheals_arrival_shading, layout_rooms
D:2:      layout_rooms, first_ration, uniq_natasha

Action                   || total
-------------------------++-------
Melee: Unarmed           ||    31
       Tailslap          ||     9
       Whip              ||    31
 Cast: Magic Dart        ||    54
  Eat: Chunk             ||     2
Armor: Skin              ||    31
Dodge: Dodged            ||    59

Table legend:
 A = Non-vault XP
 B = Vault XP
 C = Vault XP percentage of total XP
 D = Non-vault monster count
 E = Vault monster count
 F = Vault count percentage of total count
                 A         B        C        D         E       F
            +---------+---------+-------+---------+---------+-------
      Total |      48 |       0 |   0.0 |      28 |       0 |   0.0
            +---------+---------+-------+---------+---------+-------
        D:1 |      46 |       0 |   0.0 |      27 |       0 |   0.0
        D:2 |       2 |       0 |   0.0 |       1 |       0 |   0.0
            +---------+---------+-------+---------+---------+-------
